AoeStats
← 青山新雨 夜观星河

Arena

509053363Analyzed
4v4 RM · 8d ago on Sep 25, 2026· 45m 15s· 8 players
Game mode
Random Map
Map size
Large (8 player)
Population
200
Speed
Normal
Resources
Standard
Victory
Conquest
Starting age
Dark Age
Ending age
Imperial Age
RankedLock teamsTeams togetherTeam positionsShared explorationLock speedFull tech treeHidden civsTurbo modeCheats
Victory
Defeat
1088
+16
🇵🇱 Turks · Poland
1086
+16
🇨🇳 Jurchens · China
1077
+16
🇦🇷 Franks · Argentina
1051
+17
🇹🇼 Saxons · Taiwan
1135
-18
🇹🇼 Muisca · Taiwan
1091
-17
🇹🇼 Teutons · Taiwan
1054
-15
🇹🇼 Varangians · Taiwan
1049
-15
tiwaz55
11:26 Feudal Age
12:31 Town Watch
13:30 Double-Bit Axe
16:08 Castle Age
14:20 Horse Collar
15:32 Scale Barding Armor
15:49 Gold Mining
20:39 Loom
23:42 Chain Barding Armor
25:35 Fletching
25:54 Heavy Plow
26:38 Wheelbarrow
26:00 Fletching
27:16 Husbandry
32:17 Imperial Age
29:56 Padded Archer Armor
30:52 Gold Shaft Mining
30:51 Bloodlines
32:01 Bow Saw
32:12 Leather Archer Armor
31:53 Stone Mining
32:55 Forging
33:22 Hand Cart
34:26 Caravan
36:57 Artillery
37:18 Conscription
38:20 Bodkin Arrow
39:02 Plate Barding Armor
39:01 Town Patrol
40:08 Man-at-Arms
40:49 Squires
40:59 Bracer
40:46 Elite Janissary
42:45 Hoardings
44:27 Coinage
44:37 Ring Archer Armor
44:08 Scale Mail Armor
44:44 Iron Casting
43:34 Long Swordsman
44:57 Two-Handed Swordsman
45:01 Heavy Camel Rider
45:10 Cavalier
Inferno-_-
12:26 Feudal Age
13:28 Double-Bit Axe
16:30 Castle Age
14:58 Loom
15:50 Wheelbarrow
16:21 Gold Mining
16:24 Stone Mining
17:36 Bow Saw
20:04 Gold Shaft Mining
20:37 Hand Cart
30:58 Imperial Age
29:01 Caravan
30:13 Scale Barding Armor
30:19 Forging
32:09 Chain Barding Armor
32:25 Iron Casting
31:14 Ordonnance Companies
31:58 Husbandry
31:20 Light Cavalry
32:16 Cavalier
33:32 Plate Barding Armor
34:02 Chemistry
32:41 Pikeman
33:21 Squires
33:23 Scale Mail Armor
33:14 Fletching
33:49 Ballistics
33:50 Chivalry
34:12 Conscription
34:12 Paladin
34:19 Elite Throwing Axeman
38:10 Blast Furnace
38:08 Fortified Wall
43:17 Hoardings
若叶睦
11:10 Feudal Age
11:13 Feudal Age
15:45 Castle Age
13:30 Horse Collar
13:41 Double-Bit Axe
15:39 Stone Mining
17:21 Wheelbarrow
16:56 Heavy Plow
17:09 Bow Saw
20:59 Gold Mining
24:32 Wheelbarrow
26:50 Gold Shaft Mining
26:35 Hand Cart
31:05 Imperial Age
29:17 Bloodlines
29:08 Husbandry
30:19 Scale Barding Armor
31:55 Chain Barding Armor
31:46 Forging
31:16 Elite Steppe Lancer
33:22 Crop Rotation
33:31 Conscription
35:33 Plate Barding Armor
35:33 Iron Casting
34:34 Light Cavalry
35:43 Hussar
37:57 Two-Man Saw
40:38 Blast Furnace
42:55 Caravan
43:25 Coinage
43:06 Guilds
青山新雨 夜观星河
9:33 Loom
11:19 Feudal Age
12:52 Double-Bit Axe
12:58 Horse Collar
15:20 Castle Age
21:55 Wheelbarrow
23:14 Heavy Plow
24:00 Bow Saw
25:28 Gold Mining
32:19 Imperial Age
29:48 Man-at-Arms
30:29 Squires
30:58 Scale Mail Armor
31:10 Forging
32:05 Anarchy
31:37 Long Swordsman
32:51 Chain Mail Armor
33:32 Iron Casting
33:22 Conscription
32:27 Two-Handed Swordsman
33:30 Stone Mining
34:43 Two-Man Saw
33:17 Champion
36:11 Chemistry
36:00 Ballistics
36:10 Hand Cart
37:58 Blast Furnace
36:49 Fletching
39:06 Bodkin Arrow
42:08 Bracer
42:42 Padded Archer Armor
44:25 Caravan
Arthur
11:01 Feudal Age
12:34 Loom
15:19 Castle Age
13:20 Double-Bit Axe
13:50 Horse Collar
14:51 Fletching
16:05 Bodkin Arrow
18:47 Bow Saw
21:48 Ballistics
24:18 Heavy Plow
25:41 Wheelbarrow
26:21 Padded Archer Armor
29:38 Imperial Age
29:40 Leather Archer Armor
29:28 Scale Mail Armor
29:42 Pikeman
30:22 Squires
33:51 Chain Mail Armor
33:39 Bracer
33:52 Elite Guecha Warrior
35:17 Conscription
35:25 Conscription
38:59 Chemistry
42:04 Hand Cart
43:08 Chain Mail Armor
43:04 Forging
Sky_Too Meow
5:42 Loom
9:59 Feudal Age
12:21 Double-Bit Axe
17:32 Castle Age
15:28 Gold Mining
15:53 Scale Mail Armor
15:41 Arson
17:05 Forging
16:46 Horse Collar
25:02 Wheelbarrow
24:28 Gambesons
25:54 Chain Mail Armor
28:11 Gold Shaft Mining
27:58 Hand Cart
27:42 Stone Mining
29:29 Squires
31:15 Heavy Plow
32:48 Iron Casting
38:26 Imperial Age
38:56 Caravan
38:33 Elite Varangian Guard
38:45 Shield Wall
40:00 Plate Mail Armor
41:14 Fletching
41:46 Town Watch
42:01 Bodkin Arrow
42:22 Bow Saw
42:44 Crop Rotation
44:56 Two-Man Saw
小佑
8:47 Feudal Age
9:09 Horse Collar
9:43 Double-Bit Axe
15:29 Stone Mining
15:30 Gold Mining
15:39 Loom
16:33 Wheelbarrow
22:46 Castle Age
24:27 Caravan
27:16 Coinage
30:57 Bow Saw
31:57 Treadmill Crane
32:55 Masonry
33:01 Fortified Wall
34:04 Masonry
34:25 Heavy Plow
37:17 Stone Shaft Mining
39:25 Hand Cart
44:30 Town Watch
Aaron
11:28 Feudal Age
15:39 Castle Age
14:45 Horse Collar
17:20 Loom
23:00 Pikeman
24:27 Wheelbarrow
26:32 Double-Bit Axe
28:40 Gold Mining
29:22 Ballistics
29:54 Fortified Wall
31:45 Hand Cart
32:22 Town Watch
35:07 Imperial Age
32:37 Fletching
32:51 Squires
32:53 Padded Archer Armor
33:24 Bow Saw
32:51 Elite Skirmisher
33:33 Bodkin Arrow
33:44 Town Watch
35:45 Masonry
35:34 Halberdier
37:45 Two-Man Saw
36:50 Heavy Plow
39:22 Chemistry
38:33 Gambesons
39:57 Leather Archer Armor
39:43 Scale Mail Armor
42:09 Ring Archer Armor
Connection lost

Rejoining the realm…

Still unreachable

The connection could not be restored.

Session expired

The server has moved on; the page needs a fresh start.